 Dungeon Crawl Stone Soup version 0.27-a0-475-g4587593e40 (webtiles) character file.

Game seed: 6193506611149661519

2 Chiseanne the Vexing (level 1, -6/14 HPs)
             Began as a Demonspawn Wanderer on Mar 1, 2021.
             Mangled by a gnoll
             ... wielding a +0 whip
              (10 damage)
             ... on level 1 of the Dungeon.
             The game lasted 00:00:31 (104 turns).

Chiseanne the Vexing (Demonspawn Wanderer)           Turns: 104, Time: 00:00:32

Health: -6/14      AC:  2    Str: 14    XL:     1   Next: 33%
Magic:  2/2        EV: 11    Int: 13    God:
Gold:   8          SH:  0    Dex: 10    Spells: 2/2 levels left

rFire    . . .     SeeInvis .   a - +0 quarterstaff
rCold    . . .     Faith    .   (shield currently unavailable)
rNeg     . . .     Spirit   .   d - +0 robe
rPois    .         Reflect  .   (no helmet)
rElec    .         Harm     .   (no cloak)
rCorr    .         Rampage  .   (no gloves)
Will     .....                  (no boots)
Stlth    ++........             (no amulet)
HPRegen  0.04/turn              (no ring)
MPRegen  0.08/turn              (no ring)

@: no status effects
A: no striking features
a: no special abilities


You were on level 1 of the Dungeon.
You visited 1 branch of the dungeon, and saw 1 of its levels.

You collected 8 gold pieces.

Inventory:

Hand Weapons
 a - a +0 quarterstaff (weapon)
 e - a +0 dagger
Armour
 d - a +0 robe (worn)


   Skills:
 * Level 0.4 Fighting
 - Level 1.7 Staves
 * Level 0.3 Dodging
 - Level 1.7 Stealth
 - Level 1.0 Shields
 - Level 1.0 Spellcasting
 - Level 3.0 Hexes
 - Level 1.0 Earth Magic


You had 2 spell levels left.
You didn't know any spells.
Your spell library contained the following spells:

 Spells                   Type           Power        Failure   Level
 Sandblast                Erth           6%           19%         1
 Freeze                   Ice            0%           28%         1
 Passwall                 Tmut/Erth      0%           34%         2
 Stone Arrow              Conj/Erth      2%           56%         3
 Ozocubu's Armour         Ice            0%           63%         3
 Petrify                  Tmut/Erth      1%           92%         4
 Lee's Rapid Deconstruct  Erth           1%           99%         5


Dungeon Overview and Level Annotations

Branches:
Dungeon (1/15)

Altars:


Message History

No target in view!
You see here a +0 vampiric dagger.
You now have 8 gold pieces.
A ball python comes into view.
The ball python hisses angrily.
A gnoll comes into view. It is wielding a +0 whip.
The ball python bites you but does no damage.
The ball python barely misses you.
You barely miss the ball python.
The gnoll shouts!
The ball python closely misses you. The ball python grabs you.
The ball python constricts you.
You closely miss the ball python. The ball python barely misses you.
The ball python constricts you. The gnoll barely misses you.
The ball python barely misses you. The ball python constricts you.
You closely miss the ball python. The ball python bites you.
The ball python constricts you. The gnoll hits you with a +0 whip.
* * * LOW HITPOINT WARNING * * *
You are too injured to fight recklessly!
You are too injured to fight recklessly!
You are too injured to fight recklessly!
You are too injured to fight recklessly!
You are too injured to fight recklessly!
You are too injured to fight recklessly!
You are too injured to fight recklessly!
You are too injured to fight recklessly!
You are too injured to fight recklessly!
You are too injured to fight recklessly!
You are too injured to fight recklessly!
The ball python's grasp on you weakens, but your attempt to escape fails.
The ball python barely misses you. The ball python constricts you.
The gnoll barely misses you. The ball python closely misses you.
* * * LOW HITPOINT WARNING * * *
The ball python constricts you.
You escape the ball python's grasp.
You sock the gnoll!
The gnoll is severely wounded.
The gnoll hits you with a +0 whip!
Ouch! That really hurt!
You die...

#.......## ##
......... #
#.###.......#####..
#
#.#..#.............#
#.#.#.#..## ##.)#
#.... ..##.##.## ...
....#...#
#.###.##.##.##.#
#....Sg@....#..#
#####.##.###..#####
#. #.....8....# ..
#..##...##.# ###
#...##.## #.#..#'#
#....#'# ##..##⌠##
#..+⌠<⌠+


You could see a gnoll and a ball python.

Vanquished Creatures
  2 goblins (D:1)
  A rat (D:1)
3 creatures vanquished.

Notes
Turn   | Place    | Note
-------+----------+-------------------------------------------
     0 | D:1      | Chiseanne the Demonspawn Wanderer began the quest for the
                  | Orb.
     0 | D:1      | Chiseanne set off with the following items: a +0
                  | quarterstaff, a +0 robe, a +0 dagger; and the following
                  | spells available to memorise: Sandblast, Freeze, Passwall,
                  | Stone Arrow, Ozocubu's Armour, Petrify, Lee's Rapid
                  | Deconstruction
     0 | D:1      | Reached XP level 1. HP: 13/13 MP: 2/2
   104 | D:1      | Mangled by a gnoll

Illustrated notes

Levels and vault maps discovered:
D:1:      grunt_arrival_crossed_arrows, layout_loops_ring, serial_bayou_pond_a

Action                   || total
-------------------------++-------
Melee: Quarterstaff      ||     8
Armor: Robe              ||     1
Dodge: Dodged            ||     8

Table legend: (Time is in decaauts)
 A = Elapsed time spent in this place.
 B = Non-inter-level travel time spent in this place.
 C = Inter-level travel time spent in this place.
 D = Time resting spent in this place.
 E = Time spent auto-exploring this place.
 F = Levels seen in this place.
 G = Mean time per level.
                   A        B        C        D        E       F      G
               +--------+--------+--------+--------+--------+-----+--------+
         Total |    105 |    105 |      0 |      0 |     85 |   1 |  105.0 |
       Dungeon |    105 |    105 |      0 |      0 |     85 |   1 |  105.0 |
               +--------+--------+--------+--------+--------+-----+--------+

Top non-repeatable levels by time:
     D:1: 105 daAuts
